[Event "Late-Titled-Tuesday-Blitz-February-06-2024"]
[Site "Chess.com"]
[Date "2024.02.06"]
[Round "7"]
[White "mightysmasher"]
[Black "IranianCheetah"]
[Result "1-0"]
[WhiteElo "2559"]
[BlackElo "2358"]
[TimeControl "180+1"]
[EndTime "15:18:41 PST"]
[Termination "mightysmasher won on time"]

1. e4 e5 2. Nf3 Nc6 3. Bc4 Bc5 4. c3 Nf6 5. d3 a6 6. O-O d6 7. b4 Bb6 8. Be3 Ba7 9. Bxa7 Rxa7 10. Nbd2 O-O 11.
a4 Ra8 12. Qe2 Ne7 13. Bb3 Ng6 14. g3 Bh3 15. Rfe1 h6 16. d4 Re8 17. dxe5 Nxe5 18. Nxe5 Rxe5 19. f3 Be6 20. Bxe6 Rxe6 21. Rad1 Qe8 22.
a5 Qc6 23. Qc4 Qxc4 24. Nxc4 Rae8 25. Kf2 d5 26. exd5 Rxe1 27. Rxe1 Rxe1 28. Kxe1 Nxd5 29. Kd2 f6 30. Kd3 Kf7 31. Kd4 Ke6 32. Nd2 Ne7 33.
Ne4 b6 34. axb6 cxb6 35. c4 Nc6+ 36. Kc3 a5 37. b5 Ne5 38. f4 Nf3 39. h3 f5 40. Nf2 g5 41. Nd3 Ng1 42. h4 gxh4 43. gxh4 h5 44. c5 bxc5 45. Nxc5+ Kd5 46. b6 Kc6 47. b7 Kc7 48. Kd4 Nf3+ 49. Kc4 Nxh4 50. Kb5 Ng6 51. Ka6 Ne7 52. Kxa5 Nc6+ 53. Kb5 h4 54. Ne6+ Kxb7 55. Ng5 Nd4+ 56. Kc4 Ne6 57. Nxe6 h3 58. Nc5+ Kc6 59. Nd3 h2 60. Nf2 Kd6 61.
Kd4 Ke6 62. Kc5 Kf6 63. Kd6 Kg6 64. Ke5 Kh5 65. Kxf5 Kh4 66. Ke4 Kg3 67. Ke3 Kh4 68. Kf3 Kh5 69. Kg2 Kh4 70. Kxh2 1-0

[Event "Late-Titled-Tuesday-Blitz-February-06-2024"]
[Site "Chess.com"]
[Date "2024.02.06"]
[Round "7"]
[White "Angry_Twin"]
[Black "balachess2006"]
[Result "1-0"]
[WhiteElo "3081"]
[BlackElo "2711"]
[TimeControl "180+1"]
[EndTime "15:18:42 PST"]
[Termination "Angry_Twin won by checkmate"]

1. e4 c5 2. Nf3 Nc6 3. Bb5 g6 4. Bxc6 bxc6 5. O-O Bg7 6. Re1 Qc7 7. c3 f6 8. d4 cxd4 9. cxd4 Nh6 10. Nc3 Nf7 11.
h3 O-O 12. Be3 d6 13. Qd2 Rb8 14. b3 Re8 15. Rac1 Qb7 16. Bf4 e5 17. dxe5 fxe5 18. Be3 Be6 19. Na4 Rbc8 20. Red1 Ra8 21. Ng5 Nxg5 22.
Bxg5 Bf8 23. Bh6 Be7 24. Be3 Qa6 25. Qc2 Rac8 26. Bd2 Qb5 27. Be3 Qa6 28. Qd2 Rc7 29. Rc2 Rec8 30. Qe1 Rd7 31. Bd2 Rf8 32. Rdc1 Rc7 33.
Be3 Rf7 34. Qe2 Qxe2 35. Rxe2 Rf8 36. Rec2 Rfc8 37. Nc3 Kf7 38. Nb5 Rb7 39. Nxa7 Ra8 40. Nxc6 Bf6 41. Rd1 Be7 42. Nxe7 Kxe7 43. Rc6 Rxa2 44.
Rdxd6 Bxb3 45. Bg5+ Kf7 46. Rc5 Ra1+ 47. Kh2 Ra2 48.
Bh4 g5 49. Bg3 h5 50. Rxe5 h4 51. Rf5+ Ke7 52. Be5 Be6 53. Rxg5 Rxf2 54. Rg7+ Bf7 55. Rh6 Rd7 56. Rxh4 Re2 57. Rf4 Ke8 58. Rh7 Bg6 59.
Rh8+ Ke7 60. Rg4 Bxe4 61. Rh6 Rdd2 62. Rg7+ Ke8 63. Rh8# 1-0

[Event "Late-Titled-Tuesday-Blitz-February-06-2024"]
[Site "Chess.com"]
[Date "2024.02.06"]
[Round "7"]
[White "ContrVersia"]
[Black "Rud_Makarian"]
[Result "0-1"]
[WhiteElo "2844"]
[BlackElo "3034"]
[TimeControl "180+1"]
[EndTime "15:18:46 PST"]
[Termination "Rud_Makarian won by resignation"]

1. d4 Nf6 2. c4 e6 3. Nf3 d5 4. Nc3 dxc4 5. e4 b5 6. e5 Nfd7 7. Nxb5 Nb6 8. Be2 Nc6 9. O-O Be7 10. Be3 O-O 11. Qc1 Nb4 12. Na3 Nd3 13. Qc2 Bxa3 14. bxa3 Bb7 15. Nd2 Bd5 16. Bxd3 cxd3 17. Qxd3 Rb8 18.
Rfc1 Rb7 19. Nb3 Nd7 20. Na5 Rb6 21. Bd2 h6 22. Qg3 Kh7 23. Bb4 Re8 24. Rc3 Nf8 25. Rac1 c6 26. Nxc6 Bxc6 27. Qd3+ Ng6 28. Rxc6 Rxc6 29. Rxc6 Kg8 30. Qe4 Qa8 31. f3 a5 32. Bc5 Qd8 33. h3 Qg5 34. Qg4 Qd2 35. Rb6 Nf4 36. Kh2 Nd5 37. Rb1 Qxa2 38. Rg1 Rb8 39. h4 Qf2 40. Qg3 Qd2 41. h5 Rb2 42.
Qg4 Ne3 43. Qg3 Qd3 44. Kh3 Qf5+ 45. Kh4 Kh7 46. Bf8 g5+ 47. hxg6+ fxg6 48. f4 Rf2 49. Qxe3 Rxf4+ 50. g4 g5+ 51. Kh3 Qxf8 52. Rg3 Rf1 53.
Qd3+ Kg7 54. Kh2 Qf2+ 55. Rg2 Qh4+ 56. Qh3 Rh1+ 57. Kxh1 Qxh3+ 58. Kg1 Qxa3 0-1

[Event "Late-Titled-Tuesday-Blitz-February-06-2024"]
[Site "Chess.com"]
[Date "2024.02.06"]
[Round "7"]
[White "masterofpuppets2"]
[Black "Ready4abattle"]
[Result "1/2-1/2"]
[WhiteElo "2502"]
[BlackElo "2320"]
[TimeControl "180+1"]
[EndTime "15:18:47 PST"]
[Termination "Game drawn - insufficient material"]

1. e4 c5 2. c3 d5 3. exd5 Qxd5 4.
d4 Nc6 5. Nf3 Bf5 6. Be3 Nf6 7.
Na3 cxd4 8. Nb5 O-O-O 9. cxd4 e6 10. Rc1 Bb4+ 11. Bd2 Kb8 12. Be2 a6 13. Nc3 Bxc3 14.
bxc3 Ne4 15. Be3 Qa5 16. Qb3 Rd7 17. O-O Ka8 18. c4 Qb4 19. Rfd1 Qxb3 20. axb3 h6 21. h3 Rhd8 22. g4 Bh7 23. Kg2 g5 24. Ra1 Kb8 25. Rac1 f5 26. Ne5 Nxe5 27. dxe5 f4 28. Bb6 Rxd1 29.
Rxd1 Rxd1 30. Bxd1 Nc3 31. Bf3 Bc2 32. b4 Bd3 33. c5 Kc8 34. Ba5 Be4 35. Bxe4 Nxe4 36. Kf3 Nc3 37. h4 Kd7 38. hxg5 hxg5 39. Bb6 Kc6 40. Bd8 Kb5 41. Bxg5 Kxb4 42. Bxf4 Kxc5 43. g5 Nd5 44. g6 Ne7 45. g7 a5 46. Bg5 Ng8 47.
Ke2 Kd5 48. f4 b5 49. Kd3 b4 50. Bd8 a4 51. Be7 b3 52. Ba3 Nh6 53. Kc3 Ke4 54. Bc1 Kf5 55. Kb4 Kg6 56. Kxa4 Kxg7 57. Kxb3 Kg6 58. Kc4 Kf5 59. Kd4 Ng4 60. Bd2 Nh6 61. Ke3 Ng4+ 62. Kf3 Nh6 63. Be1 Ng4 64. Bh4 Nxe5+ 65.
fxe5 Kxe5 66. Bg3+ Kd5 67. Ke3 e5 68. Bxe5 1/2-1/2

[Event "Late-Titled-Tuesday-Blitz-February-06-2024"]
[Site "Chess.com"]
[Date "2024.02.06"]
[Round "7"]
[White "only_strong_moves"]
[Black "TigrVShlyape"]
[Result "1/2-1/2"]
[WhiteElo "2664"]
[BlackElo "2912"]
[TimeControl "180+1"]
[EndTime "15:18:50 PST"]
[Termination "Game drawn by repetition"]

1. e4 c5 2. Nf3 e6 3. d4 cxd4 4. Nxd4 a6 5. c4 Nf6 6. Bd3 Nc6 7. Nc2 d5 8. cxd5 exd5 9. exd5 Nxd5 10. O-O Be7 11. Re1 O-O 12. Ne3 Nxe3 13. Bxe3 Bf6 14. Nc3 Be6 15. a3 Rc8 16. Qc2 g6 17. Rad1 Qa5 18.
Ne4 Bg7 19. Nd6 Rc7 20. Nc4 Bxc4 21. Qxc4 Ne5 22. Qb3 Nxd3 23. Bb6 Qf5 24. Qxd3 Qxd3 25. Rxd3 Rc6 26. Rb3 Rfc8 27. Be3 b5 28. g3 Rc2 29. Rb1 h5 30. a4 bxa4 31. Rb6 R8c6 32. Rb8+ Kh7 33. Rb4 R2c4 34. Rb7 Rc7 35. Rb6 a5 36. Ra1 Rd7 37. Kg2 Rb4 38. Ra6 Bxb2 39. Ra2 a3 40. Rxa5 f6 41. Bc5 Re4 42. Bxa3 Be5 43.
Bc5 g5 44. Be3 Kg6 45. h3 Rc4 46. Ra8 Rdc7 47. Kf3 Rc2 48. Rxc2 Rxc2 49. g4 hxg4+ 50. hxg4 Rc4 51. Rg8+ Kf7 52. Ra8 Kg6 53. Ra7 Bd4 54. Bxd4 Rxd4 55. Re7 Rf4+ 56. Kg3 f5 57. Re6+ Kf7 58.
gxf5 Rxf5 59. Ra6 Rf4 60. f3 Kg7 61. Rb6 Kf7 62. Ra6 Kg7 63. Rb6 Kf7 64. Ra6 1/2-1/2

[Event "Late-Titled-Tuesday-Blitz-February-06-2024"]
[Site "Chess.com"]
[Date "2024.02.06"]
[Round "7"]
[White "Oleksandr_Bortnyk"]
[Black "Harsha_Bharathakoti"]
[Result "0-1"]
[WhiteElo "3064"]
[BlackElo "2911"]
[TimeControl "180+1"]
[EndTime "15:18:52 PST"]
[Termination "Harsha_Bharathakoti won by resignation"]

1. e4 c5 2. c3 Nf6 3. e5 Nd5 4. d4 cxd4 5. Nf3 e6 6. cxd4 d6 7. Bc4 Be7 8. O-O O-O 9. Qe2 dxe5 10. dxe5 Bd7 11. Nbd2 Bc6 12. Ne4 Nd7 13. Re1 Rc8 14.
Bd2 Qc7 15. Ng3 Rfd8 16. Rac1 Qb6 17. Bg5 Bxg5 18. Nxg5 h6 19. Nh3 Nf8 20. Ne4 Ng6 21. Nd6 Rc7 22. Qg4 Nxe5 23. Rxe5 Rxd6 24. Rce1 Nf6 25.
Qg3 Rcd7 26. Bb3 Bd5 27. Nf4 Bxb3 28. axb3 Rd1 29. h3 Rxe1+ 30. Rxe1 Rd2 31. Nd3 Qd4 32. Re3 Rd1+ 33. Kh2 Ne4 34. Qf3 Rd2 35. b4 Qd6+ 36. g3 Nf6 37. Ne5 Qd5 38. Kg2 Qxf3+ 39. Rxf3 Rxb2 40. Rc3 Nd5 41. Rc8+ Kh7 42. Nxf7 Rxb4 43. h4 Kg6 44. Nd6 a5 45. Ra8 a4 46. Ra7 b5 47. Ne8 Kf5 48. Nxg7+ Ke5 49. Ra6 Nc3 50. Nxe6 Kd5 51. Nc7+ Kc5 52. h5 Rb1 53. Ne6+ Kd5 54. Nf4+ Kc5 55. Nd3+ Kc4 56. Ne5+ Kd5 57. Ng4 b4 58.
Nxh6 a3 59. Ng4 a2 60. Ne3+ Kc5 61. Nc2 b3 62. h6 bxc2 63. h7 c1=Q 64. h8=Q Qg1+ 65.
Kf3 Qh1+ 66. Qxh1 Rxh1 67. Rxa2 Nxa2 68. Kg2 Rd1 0-1

[Event "Late-Titled-Tuesday-Blitz-February-06-2024"]
[Site "Chess.com"]
[Date "2024.02.06"]
[Round "7"]
[White "expii"]
[Black "emeli_chess"]
[Result "1-0"]
[WhiteElo "2225"]
[BlackElo "2360"]
[TimeControl "180+1"]
[EndTime "15:18:52 PST"]
[Termination "expii won on time"]

1. e4 c5 2. Nf3 d6 3. d4 cxd4 4. Nxd4 Nf6 5. Nc3 a6 6. g3 e5 7. Nde2 Be7 8. Bg2 O-O 9. O-O Nbd7 10. h3 b5 11. a3 Nb6 12. b3 Bb7 13. Be3 Qc7 14. Qd2 Rac8 15. Rad1 Rfd8 16. Nd5 Nbxd5 17.
exd5 Qxc2 18. Qxc2 Rxc2 19. Rfe1 Rdc8 20. f4 Nd7 21.
fxe5 Nxe5 22. Bf4 Bf6 23. Nd4 Ra2 24. g4 h6 25. Nf5 Rcc2 26. Be4 Rc3 27. Nxd6 Nf3+ 28.
Bxf3 Rxf3 29. Nxb7 Rxf4 30. d6 Rff2 31. d7 Rg2+ 32.
Kh1 Rh2+ 33. Kg1 Rag2+ 34. Kf1 Rd2 35. Rxd2 Rxd2 36. Re8+ Kh7 37. d8=Q Bxd8 38. Nxd8 Rd3 39. Kg2 Rxb3 40. Nxf7 Kg6 41. Ne5+ Kf6 42. Nc6 Rxa3 43. h4 a5 44. Nd4 b4 45. Re6+ Kf7 46. Ra6 a4 47.
Nc6 b3 48. Ne5+ Ke7 49. Nc4 Ra2+ 50. Kf3 Rc2 51. Rxa4 b2 52. Ra7+ Kf6 53. Ra6+ Kf7 54. Nxb2 Rxb2 55. Kg3 Rb4 56. Ra7+ Kf6 57. Ra6+ Kf7 58.
Ra7+ Kg6 59. Ra6+ Kh7 60. Ra7 Rc4 61. Ra6 Kg8 62. Kf3 Kf7 63. h5 Rd4 64. Kg3 Ke7 65. Kf3 1-0

[Event "Late-Titled-Tuesday-Blitz-February-06-2024"]
[Site "Chess.com"]
[Date "2024.02.06"]
[Round "7"]
[White "h4parah5"]
[Black "kuli4ik"]
[Result "1/2-1/2"]
[WhiteElo "2967"]
[BlackElo "2864"]
[TimeControl "180+1"]
[EndTime "15:18:55 PST"]
[Termination "Game drawn by repetition"]

1. Nf3 g6 2. d4 Bg7 3. c4 d6 4. Nc3 Nd7 5. e4 e5 6. Be2 Ngf6 7. O-O O-O 8. Qc2 exd4 9. Nxd4 Re8 10. Be3 c6 11.
Rad1 a5 12. f3 Qe7 13. Bf2 Nc5 14. Rfe1 a4 15. Bf1 Qc7 16. Kh1 Bd7 17. Qd2 Qa5 18.
Nc2 Be6 19. Qxd6 Nfd7 20. Bd4 Bxd4 21. Qxd4 Qb6 22. Rb1 Rad8 23. Qe3 Ne5 24. b4 axb3 25. Rxb3 Qa7 26. Ra3 Qb6 27. Rb1 Qxb1 28. Nxb1 Rd1 29. Nd2 Rd8 30. Qxc5 Nxc4 31. Ne3 Nxe3 32. Qxe3 R8xd2 33. Kg1 Bc4 34. Ra8+ Kg7 35. Qc3+ Rd4 36. h3 Rxf1+ 37.
Kh2 Rd1 38. Rd8 c5 39. Rxd4 Rxd4 40. Qa3 b6 41. Qa7 Rd6 42. Qc7 Re6 43. h4 Bxa2 44. g4 h6 45. Kg3 g5 46. Qd8 gxh4+ 47. Kxh4 Bc4 48. Kg3 b5 49. Qc7 Rg6 50. Qxc5 Re6 51. Kf2 Kh7 52. Ke3 Kg7 53. f4 Kg8 54. f5 Re8 55.
Kf4 Kg7 56. Qd4+ Kg8 57. Qf6 Kh7 58. e5 Rg8 59. Qc6 Rg7 60. e6 fxe6 61. fxe6 Re7 62.
Qd6 Rxe6 63. Qd7+ Kg6 64. Qc7 Rf6+ 65. Kg3 Re6 66. Kf4 Rf6+ 67. Ke5 Re6+ 68. Kf4 1/2-1/2

[Event "Late-Titled-Tuesday-Blitz-February-06-2024"]
[Site "Chess.com"]
[Date "2024.02.06"]
[Round "7"]
[White "DanielDardha2005"]
[Black "GothamChess"]
[Result "0-1"]
[WhiteElo "2899"]
[BlackElo "2723"]
[TimeControl "180+1"]
[EndTime "15:18:55 PST"]
[Termination "GothamChess won by resignation"]

1. e4 e6 2. Qg4 d5 3. exd5 Nf6 4. Qa4+ Bd7 5. Bb5 Nxd5 6. Bxd7+ Nxd7 7. Nf3 Bd6 8. d4 O-O 9. O-O c5 10. Bg5 Qc7 11.
c3 N7b6 12. Qd1 cxd4 13. Qxd4 h6 14. Bh4 Nf4 15. Qe4 f5 16. Qc2 e5 17. Na3 a6 18.
Rfe1 e4 19. Nd4 Nd3 20. Qb3+ Kh8 21. Ne6 Bxh2+ 22. Kh1 Qd6 23. Nxf8 Rxf8 24. Re3 Bf4 25. Rh3 g5 26. Kg1 gxh4 27. Rxh4 e3 28. Nc4 exf2+ 29. Kf1 Nxc4 30. Qxc4 Qe7 31. Qd4+ Kh7 32. Qxd3 Qxh4 33.
Qd7+ Kh8 34. Qd4+ Kh7 35. Qd7+ Kg6 36. Qe6+ Rf6 37. Qg8+ Kh5 38. Qe8+ Rg6 39. Qe2+ Qg4 40. Qxf2 Bg3 41. Qc5 Qh4 42. Qxf5+ Rg5 43. Qf7+ Rg6 44. Qf5+ Qg5 45. Qh3+ Bh4 46. Rd1 Qg4 47. Rd5+ Rg5 48. Rxg5+ Kxg5 49. Qe3+ Qf4+ 50. Ke2 Qxe3+ 51. Kxe3 Kf5 52.
Kf3 Bf6 53. Ke3 h5 54. a4 h4 55. Kf3 Be7 56. b3 Ke5 57. Ke3 Kd5 58. Kd3 Kc5 59. b4+ Kd5 60. c4+ Ke5 61. Kc3 Kf4 62. c5 Kg3 63. Kd4 Kxg2 64. b5 axb5 65. a5 Bd8 66. c6 bxc6 67. a6 Bb6+ 0-1

[Event "Late-Titled-Tuesday-Blitz-February-06-2024"]
[Site "Chess.com"]
[Date "2024.02.06"]
[Round "7"]
[White "DonMicheleCorleone"]
[Black "GoValya"]
[Result "1-0"]
[WhiteElo "2493"]
[BlackElo "2287"]
[TimeControl "180+1"]
[EndTime "15:18:56 PST"]
[Termination "DonMicheleCorleone won by resignation"]

1. e4 e6 2. d4 d5 3. Nc3 Nf6 4. e5 Nfd7 5. f4 c5 6. Nf3 Nc6 7.
Be3 a6 8. Qd2 cxd4 9. Nxd4 Bc5 10. O-O-O Nxd4 11. Bxd4 Bxd4 12. Qxd4 Qb6 13. Qxb6 Nxb6 14.
Bd3 Bd7 15. g4 g6 16. f5 gxf5 17. gxf5 exf5 18. Rhf1 Ke7 19. Bxf5 Be6 20. b3 Rac8 21.
Kb2 Rhg8 22. Rd2 h6 23. Rdf2 Rcf8 24. Ne2 Nd7 25. Nd4 Nxe5 26. Re1 Kd6 27. Rfe2 Nc6 28. Nxe6 fxe6 29. Rxe6+ Kc7 30. Bd3 h5 31. Rh6 Rg5 32.
Rh7+ Kb6 33. h4 Re5 34. Rxe5 Nxe5 35. Rxh5 Nxd3+ 36. cxd3 d4 37. Rd5 Rf2+ 38. Kb1 Rf4 39. h5 Rh4 40. a3 Kc6 41. Rg5 Rh2 42. b4 b6 43. Kc1 Kd6 44. a4 Kc6 45. b5+ axb5 46.
axb5+ Kd6 47. Kd1 Kc7 48. Ke1 Kd6 49. Kf1 Rh3 50. Ke2 Rh2+ 51. Kf3 Rh3+ 52. Ke4 Rh4+ 53. Kf5 Kc5 54. Kg6+ Kb4 55. h6 Kc3 56. Rh5 Rg4+ 57. Kf5 Rg1 58. h7 Rf1+ 59. Ke5 Rf8 60. Rh3 Rh8 61. Kf6 Kb4 62. Kg7 Rxh7+ 63. Kxh7 Kxb5 64. Kg6 Kc5 65. Kf5 b5 66. Ke4 b4 67. Rh5+ Kc6 68.
Kxd4 1-0

[Event "Late-Titled-Tuesday-Blitz-February-06-2024"]
[Site "Chess.com"]
[Date "2024.02.06"]
[Round "7"]
[White "LyonBeast"]
[Black "Polish_fighter3000"]
[Result "1-0"]
[WhiteElo "3156"]
[BlackElo "3046"]
[TimeControl "180+1"]
[EndTime "15:18:57 PST"]
[Termination "LyonBeast won on time"]

1. e4 e5 2. Nf3 Nf6 3. Nxe5 d6 4. Nf3 Nxe4 5. c4 Be7 6. d4 d5 7. Bd3 Bf5 8. O-O dxc4 9. Bxc4 O-O 10. Re1 Nd6 11.
Bd5 Na6 12. a3 c6 13. Bb3 Nc7 14. Nc3 Ndb5 15. Nxb5 Nxb5 16. d5 Bg4 17. dxc6 Bxf3 18.
gxf3 bxc6 19. Be3 Bf6 20. Rc1 Bxb2 21. Rxc6 Nd4 22. Rc4 Nxb3 23. Qxb3 Qa5 24. Rb1 Bf6 25. Rc5 Qa6 26. Rc7 Be5 27. Rb7 Qg6+ 28. Kf1 Bxh2 29. Rd1 Rab8 30. Rdd7 Rxb7 31. Qxb7 h5 32.
Bxa7 h4 33. Qe4 Qxe4 34. fxe4 Be5 35. Kg2 g5 36. Be3 g4 37. Bd4 Bxd4 38. Rxd4 Kh7 39. e5 Kg6 40. Rxg4+ Kf5 41. Rxh4 Ra8 42. a4 Kxe5 43.
Kf3 Rb8 44. Re4+ Kf5 45. Re3 Ra8 46. Ra3 Ra5 47. Ke3 Ke5 48. Kd3 Kd5 49. Kc3 Kc5 50. Ra2 Ra7 51. a5 Rc7 52. a6 Kb6+ 53. Kd4 Ka7 54. Ke5 Rc6 55. f4 Re6+ 56. Kf5 Rc6 57. Ra1 Rd6 58. Rc1 Kxa6 59. Rc7 Kb6 60. Rxf7 Rd1 61.
Re7 Rf1 62. Re4 Kc6 63. Ke6 Kc7 64. f5 Kd8 65. Kf6 Rh1 66. Kg6 Rg1+ 67. Kf7 Rf1 68.
Rd4+ Kc7 69. f6 Kc6 70. Rd2 Kc7 71. Ke7 Re1+ 72. Kf8 Rf1 73. f7 1-0

[Event "Late-Titled-Tuesday-Blitz-February-06-2024"]
[Site "Chess.com"]
[Date "2024.02.06"]
[Round "7"]
[White "Adar_07"]
[Black "lachesisQ"]
[Result "1/2-1/2"]
[WhiteElo "2721"]
[BlackElo "3054"]
[TimeControl "180+1"]
[EndTime "15:18:59 PST"]
[Termination "Game drawn - insufficient material"]

1. e4 e6 2. d4 d5 3. exd5 exd5 4. Nf3 Bd6 5. Bd3 Ne7 6. O-O c6 7. Re1 Bg4 8. Nbd2 Nd7 9. Nf1 Qc7 10. Bg5 f6 11. Bh4 O-O-O 12. Bg3 Nf5 13. Bxd6 Nxd6 14.
Ng3 h5 15. h3 h4 16. hxg4 hxg3 17. fxg3 Rde8 18. Rxe8+ Rxe8 19. Qd2 g5 20. Re1 Ne4 21. Bxe4 dxe4 22. Qf2 Qa5 23. Nd2 Qxa2 24. Nxe4 Kc7 25. c3 Qd5 26. Nd2 Rxe1+ 27. Qxe1 a5 28. Qe4 Qa2 29. Qb1 Qxb1+ 30. Nxb1 Nb6 31. Kf2 a4 32. Nd2 Nd5 33. Ne4 b5 34. Ke2 Nb6 35. Nd2 Kd6 36. Kd3 Kd5 37. Ne4 Nc4 38. Nxf6+ Ke6 39. Ne4 Nxb2+ 40. Kc2 Nc4 41. Nxg5+ Kd5 42. Nh3 Ne3+ 43.
Kb2 Nxg4 44. Nf4+ Kc4 45. Ng6 Ne3 46. Ne5+ Kd5 47. g4 Nxg2 48. g5 Nf4 49. g6 Ne6 50. Nd3 Kc4 51. Ne5+ Kd5 52. Nd3 Kd6 53. Ne5 Ng7 54.
c4 b4 55. Nd3 b3 56. Nc5 Nf5 57. Nxa4 Ke6 58. Nc5+ Kf6 59. Nxb3 Kxg6 60. Kc3 Kf6 61. Na5 c5 62. d5 Nd6 63. Nb3 Ne4+ 64. Kd3 Ke5 65.
Ke3 Nd6 66. Kd3 Ne4 67. Na5 Nf6 68. Nb7 Nxd5 69. cxd5 Kxd5 70. Nxc5 1/2-1/2

[Event "Late-Titled-Tuesday-Blitz-February-06-2024"]
[Site "Chess.com"]
[Date "2024.02.06"]
[Round "7"]
[White "gahryman"]
[Black "N_Mullodzhanov"]
[Result "1-0"]
[WhiteElo "2677"]
[BlackElo "2480"]
[TimeControl "180+1"]
[EndTime "15:19:00 PST"]
[Termination "gahryman won by checkmate"]

1. e4 c6 2. d4 d5 3. e5 Bf5 4.
Nf3 e6 5. Be2 c5 6. c3 Nc6 7.
O-O h6 8. Be3 Qb6 9. Na3 c4 10.
Nxc4 dxc4 11. d5 Qxb2 12. dxc6 bxc6 13. Nd4 Be4 14. Bf3 Bd5 15. Bxd5 exd5 16. Nxc6 Ne7 17. Qa4 Qb7 18. Nxe7+ Kxe7 19. Rfd1 Rc8 20. Rab1 Qc6 21.
Qxa7+ Rc7 22. Qd4 Rb7 23. Qc5+ Qxc5 24. Bxc5+ Ke6 25. Rxb7 Bxc5 26. Rb5 Rc8 27. Re1 Rc6 28. Kf1 Be7 29. Rd1 Bc5 30. f4 g5 31. g3 gxf4 32.
gxf4 Be3 33. f5+ Kxf5 34. Rdxd5 Ke4 35. e6 fxe6 36. Rh5 Kd3 37. Rh3 Rc8 38. Re5 Rf8+ 39. Ke1 Kxc3 40. Rexe3+ Kd4 41. Ref3 Rb8 42. Rf4+ Kc5 43.
Rc3 Rb1+ 44. Ke2 Rb2+ 45. Ke3 Rxh2 46. Rfxc4+ Kd6 47. Rd4+ Ke5 48. Rc5+ Kf6 49. Rf4+ Kg6 50. a4 Rh3+ 51. Rf3 Rh4 52. a5 Ra4 53. Kf2 Ra2+ 54.
Kg3 h5 55. Kh3 Kh6 56. Re5 Kg7 57. Rxe6 Rxa5 58. Re2 Rg5 59. Rg2 Kh6 60. Rxg5 Kxg5 61. Rb3 Kh6 62. Rb5 Kg6 63. Kh4 Kf6 64. Rg5 Ke6 65.
Kxh5 Kd6 66. Rf5 Kc6 67. Kg5 Kb6 68. Kf4 Kc6 69. Ke4 Kd7 70. Kd5 Kc7 71. Rf6 Kb7 72.
Rc6 Kb8 73. Kc5 Ka7 74. Kb5 Kb8 75. Kb6 Ka8 76. Rc8# 1-0

[Event "Late-Titled-Tuesday-Blitz-February-06-2024"]
[Site "Chess.com"]
[Date "2024.02.06"]
[Round "7"]
[White "ural58"]
[Black "temiksmozg"]
[Result "0-1"]
[WhiteElo "2473"]
[BlackElo "2614"]
[TimeControl "180+1"]
[EndTime "15:19:02 PST"]
[Termination "temiksmozg won on time"]

1. e4 c5 2. b3 e5 3. Bb2 d6 4. f4 exf4 5. Qf3 Qh4+ 6. g3 fxg3 7. hxg3 Qg4 8. Qe3 Qg6 9. Nc3 Nf6 10. O-O-O Be7 11. Nb5 Na6 12. e5 Ng4 13. Qe1 Nxe5 14. Bxe5 dxe5 15. Qxe5 Be6 16. Nd6+ Kf8 17. Nxb7 Nb4 18.
Bd3 Qf6 19. Qxf6 gxf6 20. Be4 Rb8 21. a3 f5 22. Bf3 Nd5 23. Na5 Nf6 24. Nc6 Rb6 25.
Nxe7 Kxe7 26. Ne2 Ne4 27. Bxe4 fxe4 28. Nf4 c4 29. b4 a5 30. c3 Ra8 31. Kb2 axb4 32.
axb4 Rba6 33. Ra1 Rxa1 34. Rxa1 Rxa1 35. Kxa1 Bd7 36. Kb2 Kf6 37. Kc1 Kg5 38. Kd1 Kg4 39. Ne2 Kf3 40. Ke1 f5 41. Kf1 e3 42. dxe3 Kxe3 43. Nd4 Kd3 44. b5 Kxc3 45. b6 Bc8 46.
Nb5+ Kb2 47. Nd6 Ba6 48. Nxc4+ Kc3 49. Kf2 Kxc4 50. Ke3 Kd5 51. Kf4 Ke6 52. Kg5 Bc8 53. Kh6 Kf6 54. Kxh7 Kg5 55. Kg7 Bb7 56. Kf7 Be4 57.
Ke6 Bf3 58. Ke5 Kg4 59. Kf6 Be4 60. Ke5 Bb7 61. Kf6 Bc8 62. Ke5 Kg5 63. Kd4 Kf6 64.
Ke3 Ke5 65. Kf3 Bb7+ 66. Kf2 Kd6 67. Ke3 Bc8 68. Kf4 Kc6 0-1

[Event "Late-Titled-Tuesday-Blitz-February-06-2024"]
[Site "Chess.com"]
[Date "2024.02.06"]
[Round "7"]
[White "MeisterJabo"]
[Black "RantomOpening"]
[Result "1/2-1/2"]
[WhiteElo "2347"]
[BlackElo "2505"]
[TimeControl "180+1"]
[EndTime "15:19:04 PST"]
[Termination "Game drawn by stalemate"]

1. c4 e6 2. g3 d5 3. Bg2 Nf6 4. Nf3 d4 5. O-O c5 6. e3 Nc6 7. exd4 cxd4 8. d3 Bd6 9. Bg5 e5 10. a3 a5 11. Nbd2 O-O 12. Re1 Bf5 13. Ne4 Bxe4 14.
Rxe4 h6 15. Bxf6 Qxf6 16. Qe2 Rfe8 17. Re1 Rac8 18. Nd2 Qd8 19. Rh4 Ne7 20. Ne4 Ng6 21. Rh5 b6 22. Nxd6 Qxd6 23. Be4 Ne7 24. Rxe5 Kf8 25. Bg2 Rc7 26. h4 Rd8 27. Bd5 g6 28. Bg2 Nc6 29. Re8+ Rxe8 30. Qxe8+ Kg7 31. Bxc6 Rxc6 32.
Re7 Qf6 33. Rxf7+ Qxf7 34. Qxc6 Qf5 35. Qe4 Qc5 36. b4 axb4 37. axb4 Qxb4 38. Qxd4+ Kf7 39.
Qd5+ Kg7 40. Kg2 Qb1 41. d4 Qb3 42. Qe5+ Kh7 43. c5 bxc5 44. Qxc5 Qd3 45. Qc7+ Kh8 46. Qd8+ Kh7 47. Qe7+ Kg8 48. Qe6+ Kh7 49. Qe5 g5 50. hxg5 hxg5 51. g4 Qd1 52. Qe4+ Kh6 53. d5 Kg7 54. Qf5 Qd2 55. Qe5+ Kh6 56. d6 Qd1 57. Qf6+ Kh7 58. Qf5+ Kh6 59. d7 Qd6 60. Kh3 Qd1 61. Qf6+ Kh7 62.
d8=Q Qh1+ 63. Kg3 Qg2+ 64. Kxg2 1/2-1/2

[Event "Late-Titled-Tuesday-Blitz-February-06-2024"]
[Site "Chess.com"]
[Date "2024.02.06"]
[Round "7"]
[White "Yushko_Olga"]
[Black "Felix-Rose"]
[Result "0-1"]
[WhiteElo "2214"]
[BlackElo "2387"]
[TimeControl "180+1"]
[EndTime "15:19:06 PST"]
[Termination "Felix-Rose won by resignation"]

1. d4 d5 2. c4 e6 3. cxd5 exd5 4. Nc3 c6 5. Qc2 Nf6 6. Bg5 Be7 7. e3 Nbd7 8. Bd3 h6 9. Bh4 Nh5 10. Bxe7 Qxe7 11.
Nf3 Nf4 12. O-O Nxd3 13. Qxd3 O-O 14. b4 Qxb4 15. Rab1 Qe7 16. Rfc1 Re8 17. Na4 Nf6 18.
Nc5 Ne4 19. Ne5 Nd6 20. Qb3 f6 21. Ned3 Bf5 22. Rb2 Nc4 23. Re2 b6 24. Na6 Qb7 25. Nab4 a5 26. Nc2 a4 27. Qb4 Bxd3 28. Ree1 Bxc2 29.
Rxc2 b5 30. h3 Qe7 31. Qc3 a3 32. Qd3 Qb4 33. Rce2 Re4 34. f3 Nb2 35. Qc2 Ree8 36. Qxc6 Qc4 37. Qd7 Nd3 38. Rd1 Nc5 39. dxc5 Qxe2 40.
Qxd5+ Kh8 41. Rb1 Qxe3+ 42. Kh1 Rad8 43. Qc6 Rc8 44. Qxb5 Rxc5 45. Qa4 Rec8 46. Rf1 Rc1 47. Rxc1 Rxc1+ 48. Kh2 Qe5+ 49. f4 Qe1 50. Qa8+ Kh7 51. Qxa3 Qg1+ 52. Kg3 Qe1+ 53. Kh2 Rc3 54. Qd6 Qg3+ 55.
Kg1 Rc1+ 0-1

[Event "Late-Titled-Tuesday-Blitz-February-06-2024"]
[Site "Chess.com"]
[Date "2024.02.06"]
[Round "7"]
[White "betta2004"]
[Black "Seochesspie"]
[Result "1/2-1/2"]
[WhiteElo "2564"]
[BlackElo "2789"]
[TimeControl "180+1"]
[EndTime "15:19:07 PST"]
[Termination "Game drawn by stalemate"]

1. e4 e6 2. d4 d5 3. Bd3 dxe4 4. Bxe4 Nf6 5. Bf3 c5 6. Ne2 Nc6 7. Be3 Nd5 8. Bxd5 Qxd5 9. Nbc3 Qc4 10. b3 Qb4 11. a3 Qa5 12. dxc5 a6 13. b4 Qc7 14. Bf4 e5 15. Nd5 Qd8 16. Nb6 Qxd1+ 17. Rxd1 Rb8 18.
Be3 Bf5 19. Nc3 Bxc2 20. Rd2 Bf5 21. Ncd5 f6 22. O-O Be7 23. a4 Bd8 24. b5 axb5 25.
axb5 Ne7 26. Nxe7 Kxe7 27. Nd5+ Kf7 28. c6 bxc6 29. bxc6 Rc8 30. Rc1 Be6 31. c7 Bxd5 32.
Rxd5 Be7 33. Bb6 Ke6 34. Rdd1 Ra8 35. g4 Rhc8 36. Kg2 g6 37. Rc3 f5 38. gxf5+ gxf5 39. Rcd3 Ra6 40. Rd8 Bxd8 41. cxd8=Q Rxd8 42. Bxd8 f4 43. Bc7 Kf5 44. Rd5 Re6 45. Kf3 Re7 46. Bb8 Re8 47. Bd6 Re6 48. h3 Re8 49. Ra5 Re6 50. Bc7 Re7 51. Bb8 Re8 52. Rb5 Re7 53.
h4 Re8 54. h5 Re7 55. h6 Re8 56. Rxe5+ Rxe5 57. Bxe5 Kxe5 58. Kg4 Ke4 59. Kg5 f3 60. Kg4 Ke5 61. Kxf3 Kf5 62. Ke3 Kg5 63. Ke4 Kxh6 64. Ke5 Kg7 65. f4 h5 66. Kf5 h4 67. Kg4 h3 68.
Kxh3 Kg6 69. Kg4 Kf6 70. f5 Kf7 71. Kg5 Kg7 72. f6+ Kf7 73. Kf5 Kf8 74. Ke6 Ke8 75. f7+ Kf8 76. Kf6 1/2-1/2